 Dungeon Crawl Stone Soup version 0.23.2-1-ga50397a (webtiles) character file.

Game seed: 4371585831999666872

185 Fang the Skirmisher (level 5, -3/51 HPs)
             Began as a Gargoyle Berserker on Apr 24, 2019.
             Was a Believer of Trog.
             Killed from afar by Ijyb (13 damage)
             ... with a wand of acid (5)
             ... on level 3 of the Dungeon.
             The game lasted 00:02:48 (2863 turns).

Fang the Skirmisher (Gargoyle Berserker)            Turns: 2863, Time: 00:02:48

Health: -3/51      AC:  2    Str: 26    XL:     5   Next: 64%
Magic:  14/14      EV: 12    Int:  8    God:    Trog [**....]
Gold:   131        SH:  0    Dex:  9    Spells: 4/4 levels left

rFire    + . .     SeeInvis .   a - +0 war axe
rCold    . . .     Gourm    .   (no shield)
rNeg     + . .     Faith    .   b - +0 animal skin
rPois    ∞         Spirit   .   (no helmet)
rElec    +         Reflect  .   (no cloak)
rCorr    .         Harm     .   (no gloves)
MR       .....                  (no boots)
Stlth    ..........             (no amulet)
HPRegen  0.17/turn              l - ring of magical power
MPRegen  0.14/turn              m - ring of protection from fire

@: berserking (expiring), corroded, very quick
A: negative energy resistance 1, electricity resistance, unbreathing,
petrification resistance, rot immunity, AC +4
a: Berserk, Trog's Hand, Renounce Religion


You were on level 3 of the Dungeon.
You worshipped Trog.
Trog was pleased with you.
You were very hungry.

You visited 1 branch of the dungeon, and saw 3 of its levels.

You collected 131 gold pieces.

Inventory:

Hand Weapons
 a - a +0 war axe (weapon)
Armour
 b - a +0 animal skin (worn)
Jewellery
 l - a ring of magical power (left hand)
 m - a ring of protection from fire (right hand)
Scrolls
 g - a scroll of teleportation {unknown}
 h - 2 scrolls of identify {unknown}
 i - a scroll of remove curse {unknown}
 j - 3 scrolls of magic mapping {unknown}
 k - a scroll of immolation {unknown}
 s - a scroll of enchant armour {unknown}
Potions
 d - a potion of berserk rage {unknown}
 e - a potion of magic {unknown}
 n - 3 potions of curing {unknown}
 o - 2 potions of flight {unknown}
 p - a potion of agility {unknown}
 q - a potion of brilliance {unknown}
 r - a potion of haste {unknown}
Comestibles
 c - 5 rations
 f - a chunk of flesh


   Skills:
 + Level 4.3 Fighting
 + Level 3.5 Axes
 + Level 3.7 Armour
 + Level 2.6 Dodging


You had 4 spell levels left.
You didn't know any spells.
Your spell library was empty.

Dungeon Overview and Level Annotations

Branches:
Dungeon (3/15)

Altars:
Xom

Annotations:
D:3 Ijyb


Innate Abilities, Weirdness & Mutations

You are resistant to torment.
Your stone body is resilient. (AC +4)
You are immune to poison.
You resist negative energy. (rN+)
You are resistant to electric shocks. (rElec)
You can survive without breathing.
You are immune to petrification.
You are immune to rotting.


Message History

Ijyb shouts!
Ijyb zaps a wand.
The bolt of acid hits you!
Ouch! That really hurt!
The acid corrodes you!
You are splashed with acid!
* * * LOW HITPOINT WARNING * * *
Ijyb is nearby!
You are too injured to fight recklessly!
A red film seems to cover your vision as you go berserk!
You feel yourself moving faster!
You feel mighty!
You are feeling very hungry.
Ijyb zaps a wand.
The bolt of acid misses you.
You feel a strong urge to attack something.
You barely miss Ijyb. Ijyb misses you.
You hit Ijyb.
Ijyb is lightly wounded.
Ijyb barely misses you.
You hit Ijyb but do no damage.
Ijyb is lightly wounded.
Ijyb zaps a wand.
The bolt of acid hits you!
You die...

#.#.####.####.###
##.#####.#.............#
.........#############.#
##.####...#.# #.###.#
#......# #.....#
##...### #.##### ##.##
#.# #.#####.# #.#
#.@g....# #.# #'#######
#.# #... #.## #.... #..#
....... ##..# #..._...
####...######
.'.........'............
....... .####........#
##.#.....#


You could see Ijyb.

Vanquished Creatures
  Crazy Yiuf (D:2)
  7 adders
  An ooze (D:1)
  4 worms
  A dart slug (D:1)
  A ball python (D:1)
  5 giant cockroaches
  9 goblins
  13 hobgoblins
  4 jackals (D:2)
  6 kobolds
  2 quokkas
  8 bats
  A frilled lizard (D:2)
  10 rats
73 creatures vanquished.

Notes
Turn   | Place    | Note
-------+----------+-------------------------------------------
     0 | D:1      | Fang the Gargoyle Berserker began the quest for the Orb.
     0 | D:1      | Reached XP level 1. HP: 14/14 MP: 1/1
    47 | D:1      | Reached XP level 2. HP: 14/19 MP: 2/2
   418 | D:1      | Reached XP level 3. HP: 21/23 MP: 3/3
   678 | D:2      | Found a runed translucent door.
   679 | D:2      | Noticed Crazy Yiuf
   775 | D:2      | Reached ** piety under Trog
  1053 | D:2      | Reached XP level 4. HP: 29/29 MP: 4/4
  1316 | D:2      | Reached skill level 4 in Fighting
  1970 | D:2      | Killed Crazy Yiuf
  1970 | D:2      | Reached XP level 5. HP: 33/33 MP: 5/5
  2322 | D:3      | Found a faded altar of an unknown god.
  2857 | D:3      | Found a shimmering altar of Xom.
  2858 | D:3      | Noticed Ijyb
  2863 | D:3      | Killed from afar by Ijyb

Skill      XL: |  1  2  3  4 |
---------------+-------------+-----
Axes           | 3 |  3.5
Dodging        | 2 |  2.6
Armour         | 3 |  3.7
Fighting       | 4 |  4.3

Action                   |  1- 3 |  4- 6 || total
-------------------------+-------+-------++-------
Melee: Hand axe          |   123 |    95 ||   218
       War axe           |       |    53 ||    53
Invok: Berserk           |       |     3 ||     3
 Stab: Sleeping          |     1 |       ||     1
  Eat: Chunk             |     1 |     7 ||     8
Armor: Animal skin       |    53 |    49 ||   102
Dodge: Dodged            |   117 |   119 ||   236
